cohdb
Replays
Latest Replays
All Replays
Popular Replays
Top Player Replays
Match Explorer
How It Works
Community
CoH3 Stats
Reddit
Sign in to upload your games and track your stats! →
Sign in with Steam
Match 41841799
Unlisted
Match 41841799
Overview
Messages
Build Orders
End
Kradschützen Motorcycle Team
Panzergrenadier Squad
250 Light Carrier
Panzergrenadier Squad
Construct Light Support Kompanie
Combat Half-tracks
Construct Mechanized Kompanie
MG34 Team
Panzerjäger Mechanized Group
Panzergrenadier Squad
Fire Support Elements
2.5-tonne Medical Truck
Construct Panzerarmee Kommand
Vehicle Survival Package
Panzer III L Medium Tank
Panzer III L Medium Tank
Emergency Repair Kits
wila
LittleFatty233
幻想r
MG22
KMSrudderjam
Dan
[Streng-Geheim]
Voyage to Death
0
0
Comments
sign in to comment!
No comments posted yet!